 Dungeon Crawl Stone Soup version 0.24-a0-282-g1a68c91 (webtiles) character file.

Game seed: 4006309367166590318

8592 tsouns the Protected (level 11, -4/83 HPs)
             Began as a Gnoll Wanderer on May 3, 2019.
             Was an Initiate of Gozag.
             Killed by the air
             ... invoked by Gastronok
              (27 damage)
             ... on level 9 of the Dungeon.
             The game lasted 00:30:49 (9050 turns).

tsouns the Protected (Gnoll Wanderer)               Turns: 9050, Time: 00:30:52

Health: -4/83      AC: 13    Str: 14    XL:     11   Next: 33%
Magic:  21/21      EV: 12    Int: 20    God:    Gozag
Gold:   1561       SH: 10    Dex: 13    Spells: 10/23 levels left

rFire    . . .     SeeInvis .   m - +2 dagger (drain)
rCold    + . .     Gourm    .   a - +0 shield
rNeg     . . .     Faith    .   u - +2 ring mail {rC+}
rPois    +         Spirit   .   A - +0 helmet
rElec    .         Reflect  .   y - +0 cloak {+Inv}
rCorr    .         Harm     .   B - +0 pair of gloves
MR       .....                  (no boots)
Stlth    ++........             (no amulet)
HPRegen  0.23/turn              f - ring of poison resistance
MPRegen  0.17/turn              k - ring of wizardry

@: no status effects
A: distributed training, fangs 1, strong nose
a: Potion Petition, Call Merchant, Bribe Branch, Renounce Religion, Evoke
Invisibility


You were on level 9 of the Dungeon.
You worshipped Gozag.
Gozag was most pleased with you.
You were not hungry.

You visited 2 branches of the dungeon, and saw 10 of its levels.

You collected 1631 gold pieces.
You paid 70 gold pieces to Gozag.

Inventory:

Hand Weapons
 m - a +2 dagger of draining (weapon)
 p - a +3 dagger of venom
 E - a +0 blowgun
 F - a +1 war axe of chopping
 G - a +2 long sword
 H - a +3 hunting sling
Missiles
 e - 58 poisoned needles
 g - 228 stones (quivered)
 l - 4 throwing nets
 q - 5 curare-tipped needles
 w - 3 tomahawks
 I - 41 sling bullets
 K - 6 javelins
Armour
 a - a +0 shield (worn)
 b - a +2 scale mail
 u - a +2 ring mail of cold resistance (worn)
 y - a +0 cloak of invisibility (worn)
 A - a +0 helmet (worn)
 B - a +0 pair of gloves (worn)
Jewellery
 f - a ring of poison resistance (left hand)
 k - a ring of wizardry (right hand)
Wands
 o - a wand of acid (1)
 v - a wand of flame (4)
 D - a wand of disintegration (12)
Scrolls
 h - a scroll of immolation
 r - 3 scrolls of teleportation
 t - 2 scrolls of remove curse
 z - 3 scrolls of amnesia
 J - 2 scrolls of identify
Potions
 i - 3 potions of mutation
 j - 2 potions of flight
 n - a potion of lignification {unknown}
 s - 2 potions of cancellation {unknown}
 x - 3 potions of heal wounds
 C - 2 potions of curing
 L - a potion of invisibility {unknown}
 M - a potion of brilliance {unknown}
 N - a potion of magic {unknown}
Comestibles
 d - 9 rations


   Skills:
 + Level 6.6 Fighting
 + Level 6.1 Short Blades
 + Level 6.1 Long Blades
 + Level 6.1 Axes
 + Level 6.1 Maces & Flails
 + Level 6.1 Polearms
 + Level 6.1 Staves
 + Level 6.1 Slings
 + Level 6.1 Bows
 + Level 6.1 Crossbows
 + Level 6.1 Throwing
 + Level 10.4 Armour
 + Level 6.1 Dodging
 + Level 6.1 Stealth
 + Level 6.6 Shields
 + Level 6.1 Unarmed Combat
 + Level 6.7 Spellcasting
 + Level 5.0 Conjurations
 + Level 5.0 Hexes
 + Level 5.0 Charms
 + Level 5.0 Summonings
 + Level 5.0 Necromancy
 + Level 6.4 Translocations
 + Level 5.0 Transmutations
 + Level 5.0 Fire Magic
 + Level 5.0 Ice Magic
 + Level 5.0 Air Magic
 + Level 5.0 Earth Magic
 + Level 5.0 Poison Magic
 + Level 6.7 Invocations
 + Level 6.6 Evocations


You had 10 spell levels left.
You knew the following spells:

 Your Spells              Type           Power        Failure   Level  Hunger
a - Blink                 Tloc           N/A          2%          2    None
b - Portal Projectile     Hex/Tloc       ####..       6%          3    #......
c - Passage of Golubria   Tloc           N/A          14%         4    ###....
d - Force Lance           Conj/Tloc      ####....     19%         4    ###....

Your spell library contained the following spells:

 Spells                   Type           Power        Failure   Level  Hunger
 Beastly Appendage        Tmut           ####..       2%          1    None
 Sticks to Snakes         Tmut           ####....     4%          2    None
 Ignite Poison            Fire/Tmut/Pois ####....     8%          3    #......
 Spider Form              Tmut/Pois      ####......   8%          3    #......
 Ice Form                 Ice/Tmut       ####....     24%         4    ###....
 Olgreb's Toxic Radiance  Pois           ####....     24%         4    ###....
 Blade Hands              Tmut           ####......   52%         5    #####..


Dungeon Overview and Level Annotations

Branches:
Dungeon (9/15)             Temple (1/1) D:5
   Lair: D:8-11         Orc: D:9-12

Altars:
Ashenzari
Cheibriados
Dithmenos
Fedhas
Gozag
Nemelex Xobeh
Trog
Xom
Yredelemnul
Zin
The Shining One

Annotations:
D:3 exclusion: oklob plant
D:9 Gastronok


Innate Abilities, Weirdness & Mutations

Your experience applies equally to all skills.
You have very sharp teeth.
Your uncanny sense of smell can sniff out nearby items.


Message History

You hit Gastronok.
Gastronok looks as sick as possible!
You bite Gastronok, but do no damage.
Gastronok is severely wounded.
You block the bat's attack. Gastronok bites you.
* * * LOW HITPOINT WARNING * * *
Wield which item (- for none, * to show all)? (? for menu, Esc to quit)
Your +3 dagger of venom stops dripping with poison.
You sense an unholy aura.
m - a +2 dagger of draining (weapon)
You block the bat's attack.
You hit Gastronok. You drain Gastronok. You bite Gastronok, but do no damage.
Gastronok is severely wounded.
The bat hits you but does no damage.
You hit Gastronok but do no damage. You drain Gastronok.
Gastronok is almost dead.
The bat hits you but does no damage.
Gastronok waves his eye-stalks in wide circles.
The air twists around and strikes you!
You die...
Your body crumbles into a pile of gold.

#..# #..#..# #..# #..#..#
#..# #.....# #.# #+
#..###w....# #.# #.
#..........# #.# ### #.
#..........###.# #... #.
#.###..........# #...##.
#w# #..........#
#<.....####@#
#..........###
#.......<.b.#
#.............
#...........#
#...#######...
#.......##..#
######.#.##..#
#.......##..# #..#.#.#...##
#.......##..# #..'#.#.##.#
........##..# #####.#.#.#.#
........##..###...#######.#
##......##................#


You could see Gastronok and a bat.

Vanquished Creatures
  Harold (D:8)
  3 two-headed ogres
  Maurice (D:8)
  Joseph (D:8)
  A polar bear (D:8)
  3 hornets
  A hippogriff (D:7)
  A wyvern (D:8)
  2 hungry ghosts (D:9)
  A soldier ant (D:9)
  3 orc warriors
  2 sky beasts
  A black bear (D:8)
  2 phantoms (D:6)
  2 ice beasts
  3 centaurs
  3 wolves (D:8)
  4 ogres
  6 bullfrogs
  3 scorpions
  5 wights (D:7)
  6 howler monkeys
  A centaur zombie (D:5)
  5 crimson imps
  A bullfrog zombie (D:8)
  2 hounds
  A gnoll shaman (D:8)
  An iguana (D:6)
  5 orc priests
  A centaur skeleton (D:5)
  5 orc wizards
  7 worker ants
  A hound zombie (D:5)
  2 hound skeletons
  A howler monkey zombie (D:6)
  5 gnolls (D:8)
  5 adders
  A shadow imp (D:6)
  An ooze (D:2)
  2 adder zombies
  4 worms
  A dart slug (D:3)
  8 leopard geckos
  37 orcs
  8 giant cockroaches
  3 goblins
  7 hobgoblins
  7 jackals
  3 quokkas
  5 ball pythons
  9 bats
  2 frilled lizards
  4 kobolds (D:2)
  A quokka skeleton (D:9)
  5 rats
206 creatures vanquished.

Notes
Turn   | Place    | Note
-------+----------+-------------------------------------------
     0 | D:1      | tsouns the Gnoll Wanderer began the quest for the Orb.
     0 | D:1      | tsouns set off with the following items: a +0 hand axe, a
                  | +2 scale mail, a +0 buckler, a ration
     0 | D:1      | Reached XP level 1. HP: 17/17 MP: 4/4
   482 | D:1      | Reached XP level 2. HP: 23/23 MP: 5/5
   854 | D:1      | Reached XP level 3. HP: 18/28 MP: 7/7
  1016 | D:2      | Reached skill level 1 in Invocations
  1324 | D:2      | Reached skill level 1 in Short Blades
  1324 | D:2      | Reached skill level 1 in Long Blades
  1324 | D:2      | Reached skill level 1 in Axes
  1324 | D:2      | Reached skill level 1 in Maces & Flails
  1324 | D:2      | Reached skill level 1 in Polearms
  1324 | D:2      | Reached skill level 1 in Staves
  1324 | D:2      | Reached skill level 1 in Slings
  1324 | D:2      | Reached skill level 1 in Bows
  1324 | D:2      | Reached skill level 1 in Crossbows
  1324 | D:2      | Reached skill level 1 in Throwing
  1324 | D:2      | Reached skill level 1 in Dodging
  1324 | D:2      | Reached skill level 1 in Stealth
  1324 | D:2      | Reached skill level 1 in Unarmed Combat
  1342 | D:2      | Reached XP level 4. HP: 29/34 MP: 8/8
  2084 | D:3      | Reached skill level 1 in Conjurations
  2084 | D:3      | Reached skill level 1 in Hexes
  2084 | D:3      | Reached skill level 1 in Charms
  2084 | D:3      | Reached skill level 1 in Summonings
  2084 | D:3      | Reached skill level 1 in Necromancy
  2084 | D:3      | Reached skill level 1 in Transmutations
  2084 | D:3      | Reached skill level 1 in Fire Magic
  2084 | D:3      | Reached skill level 1 in Ice Magic
  2084 | D:3      | Reached skill level 1 in Air Magic
  2084 | D:3      | Reached skill level 1 in Earth Magic
  2084 | D:3      | Reached skill level 1 in Poison Magic
  2161 | D:3      | Found a bloodstained altar of Trog.
  2227 | D:3      | Found a blossoming altar of Fedhas.
  2253 | D:3      | Noticed an oklob plant
  2375 | D:3      | Found a glowing golden altar of the Shining One.
  2431 | D:3      | Found a deep blue altar of Sif Muna.
  2433 | D:3      | Found a glowing silver altar of Zin.
  2433 | D:3      | Found a radiant altar of Vehumet.
  2441 | D:3      | Found a shimmering altar of Xom.
  2441 | D:3      | Found a shattered altar of Ashenzari.
  2441 | D:3      | Found a burning altar of Makhleb.
  2557 | D:3      | Reached XP level 5. HP: 40/40 MP: 9/9
  2676 | D:4      | Found a snail-covered altar of Cheibriados.
  2765 | D:4      | Reached XP level 6. HP: 43/47 MP: 10/10
  2818 | D:4      | You fall through a shaft for 2 floors!
  2854 | D:6      | Found a sparkling altar of Nemelex Xobeh.
  2895 | D:6      | Noticed an orc warrior
  2912 | D:5      | Entered Level 5 of the Dungeon
  2996 | D:5      | Found a staircase to the Ecumenical Temple.
  3016 | Temple   | Entered the Ecumenical Temple
  3023 | Temple   | Became a worshipper of Gozag Ym Sagoz the Greedy
  3371 | D:5      | Reached XP level 7. HP: 52/52 MP: 12/12
  4353 | D:6      | Reached skill level 9 in Armour
  4397 | D:6      | Reached XP level 8. HP: 32/60 MP: 12/14
  5125 | D:6      | Found a glowing silver altar of Zin.
  5559 | D:7      | Reached XP level 9. HP: 54/66 MP: 16/16
  5602 | D:7      | Reached skill level 5 in Translocations
  5902 | D:7      | Reached skill level 5 in Spellcasting
  6053 | D:7      | Identified the Catalogue of the Nocuous Traveller
  6058 | D:7      | Learned a level 2 spell: Blink
  6062 | D:7      | Learned a level 3 spell: Portal Projectile
  6067 | D:7      | Learned a level 4 spell: Passage of Golubria
  6072 | D:7      | Learned a level 4 spell: Force Lance
  6238 | D:7      | Reached skill level 5 in Fighting
  6238 | D:7      | Reached skill level 5 in Shields
  6238 | D:7      | Reached skill level 5 in Evocations
  6306 | D:8      | Noticed Joseph
  6328 | D:8      | Killed Joseph
  6468 | D:8      | Reached skill level 5 in Invocations
  6922 | D:8      | Reached XP level 10. HP: 56/74 MP: 18/18
  7115 | D:8      | Noticed Harold
  7254 | D:8      | Killed Harold
  7254 | D:8      | Reached skill level 5 in Short Blades
  7254 | D:8      | Reached skill level 5 in Long Blades
  7254 | D:8      | Reached skill level 5 in Axes
  7254 | D:8      | Reached skill level 5 in Maces & Flails
  7254 | D:8      | Reached skill level 5 in Polearms
  7254 | D:8      | Reached skill level 5 in Staves
  7254 | D:8      | Reached skill level 5 in Slings
  7254 | D:8      | Reached skill level 5 in Bows
  7254 | D:8      | Reached skill level 5 in Crossbows
  7254 | D:8      | Reached skill level 5 in Throwing
  7254 | D:8      | Reached skill level 5 in Dodging
  7254 | D:8      | Reached skill level 5 in Stealth
  7254 | D:8      | Reached skill level 5 in Unarmed Combat
  7402 | D:8      | Reached skill level 10 in Armour
  7449 | D:8      | Noticed Grum
  7450 | D:8      | Noticed Grum
  7450 | D:8      | Grum changed into Grum the howler monkey
  7470 | D:8      | Killed Grum the howler monkey
  8004 | D:8      | Noticed Maurice
  8029 | D:8      | Killed Maurice
  8103 | D:8      | Noticed a two-headed ogre
  8122 | D:8      | Killed a two-headed ogre
  8643 | D:9      | Reached XP level 11. HP: 82/82 MP: 20/20
  8683 | D:9      | Noticed a two-headed ogre
  8709 | D:9      | Killed a two-headed ogre
  8731 | D:9      | Noticed a two-headed ogre
  8767 | D:9      | Killed a two-headed ogre
  8855 | D:9      | Reached skill level 5 in Conjurations
  8855 | D:9      | Reached skill level 5 in Hexes
  8855 | D:9      | Reached skill level 5 in Charms
  8855 | D:9      | Reached skill level 5 in Summonings
  8855 | D:9      | Reached skill level 5 in Necromancy
  8855 | D:9      | Reached skill level 5 in Transmutations
  8855 | D:9      | Reached skill level 5 in Fire Magic
  8855 | D:9      | Reached skill level 5 in Ice Magic
  8855 | D:9      | Reached skill level 5 in Air Magic
  8855 | D:9      | Reached skill level 5 in Earth Magic
  8855 | D:9      | Reached skill level 5 in Poison Magic
  8991 | D:9      | Noticed Gastronok
  9050 | D:9      | Killed from afar by Gastronok

Levels and vault maps discovered:
D:1:      wheals_arrival_shading, layout_loops_corners,
          chequers_decorated_corner
D:2:      layout_rooms, kennysheep_crisscross
D:3:      layout_rooms, bloody_trog, doesnt_xom_only_xom, tso_metal_star,
          hangedman_decor_riveting, st_stairs_9, tgw_fedhas
D:4:      layout_cave_pools, cheibriados_altar_1, first_ration
D:5:      layout_rooms, minmay_temple_entry_mini_moons, minivault_26,
          eino_curves_02
D:6:      minmay_evil_eye, layout_basic, basic_altar, portal_sewer_entry_a,
          nemelex_xobeh_ov_fountains_minmay
D:7:      layout_basic
D:8:      minmay_goldmine, layout_basic, minmay_misc_feat_roman, chequers_jeans,
          uniq_harold, uniq_maurice, uniq_grum, uniq_joseph
D:9:      layout_long_grid, minitemple, lemuel_blue_sif_altar, serial_shops,
          kennysheep_mini, hangedman_pestilent_swarm, uniq_gastronok
Temple:   compressed_dpeg_triangle_lava_temple

Skill      XL: |  1  2  3  4  5  6  7  8  9 10 11 |
---------------+----------------------------------+-----
Invocations    | 1 2 3 4 5 6 |  6.7
Short Blades   | 1 2 3 4 5 6 |  6.1
Long Blades    | 1 2 3 4 5 6 |  6.1
Axes           | 1 2 3 4 5 6 |  6.1
Maces & Flails | 1 2 3 4 5 6 |  6.1
Polearms       | 1 2 3 4 5 6 |  6.1
Staves         | 1 2 3 4 5 6 |  6.1
Slings         | 1 2 3 4 5 6 |  6.1
Bows           | 1 2 3 4 5 6 |  6.1
Crossbows      | 1 2 3 4 5 6 |  6.1
Throwing       | 1 2 3 4 5 6 |  6.1
Dodging        | 1 2 3 4 5 6 |  6.1
Stealth        | 1 2 3 4 5 6 |  6.1
Unarmed Combat | 1 2 3 4 5 6 |  6.1
Spellcasting   | 3 4 5 6 |  6.7
Conjurations   | 1 2 3 4 5 |  5.0
Hexes          | 1 2 3 4 5 |  5.0
Charms         | 1 2 3 4 5 |  5.0
Summonings     | 1 2 3 4 5 |  5.0
Necromancy     | 1 2 3 4 5 |  5.0
Transmutations | 1 2 3 4 5 |  5.0
Fire Magic     | 1 2 3 4 5 |  5.0
Ice Magic      | 1 2 3 4 5 |  5.0
Air Magic      | 1 2 3 4 5 |  5.0
Earth Magic    | 1 2 3 4 5 |  5.0
Poison Magic   | 1 2 3 4 5 |  5.0
Fighting       | 3 4 5 6 |  6.6
Shields        | 3 4 5 6 |  6.6
Translocations | 4 5 6 |  6.4
Evocations     | 3 4 5 6 |  6.6
Armour         | 9 10 | 10.4

Action                   |  1- 3 |  4- 6 |  7- 9 | 10-12 || total
-------------------------+-------+-------+-------+-------++-------
Melee: Hand axe          |    88 |    68 |       |       ||   156
       Bite              |     9 |    21 |    47 |    38 ||   115
       Short sword       |       |   261 |   130 |       ||   391
       Dagger            |       |       |   374 |   320 ||   694
       War axe           |       |       |       |    16 ||    16
 Fire: Blowgun           |       |       |    41 |     3 ||    44
 Cast: Force Lance       |       |       |     1 |       ||     1
Evoke: Wand              |       |     4 |    11 |    26 ||    41
  Use: Scroll            |       |     8 |     3 |     1 ||    12
       Potion            |       |       |     1 |     1 ||     2
 Stab: Sleeping          |       |       |     5 |     5 ||    10
       Paralysed         |       |       |       |     2 ||     2
  Eat: Chunk             |     1 |     4 |       |       ||     5
       Ration            |       |     3 |     3 |     3 ||     9
Armor: Scale mail        |    58 |   170 |    52 |       ||   280
       Ring mail         |       |       |   111 |    82 ||   193
Dodge: Dodged            |    54 |   149 |   219 |   119 ||   541
Block: Buckler           |    32 |    70 |    83 |    52 ||   237
       Shield            |       |       |       |    29 ||    29

Table legend:
 A = Non-vault XP
 B = Vault XP
 C = Vault XP percentage of total XP
 D = Non-vault monster count
 E = Vault monster count
 F = Vault count percentage of total count
                 A         B        C        D         E       F
            +---------+---------+-------+---------+---------+-------
      Total |    8776 |    3499 |  28.5 |     171 |      35 |  17.0
            +---------+---------+-------+---------+---------+-------
        D:1 |      38 |       0 |   0.0 |      14 |       0 |   0.0
        D:2 |      72 |       0 |   0.0 |      23 |       0 |   0.0
        D:3 |      95 |       7 |   6.9 |      24 |       3 |  11.1
        D:4 |     162 |       0 |   0.0 |       9 |       0 |   0.0
        D:5 |     383 |       0 |   0.0 |      19 |       0 |   0.0
        D:6 |    1022 |     217 |  17.5 |      15 |      10 |  40.0
        D:7 |    1408 |       0 |   0.0 |      22 |       0 |   0.0
        D:8 |    2811 |    2529 |  47.4 |      31 |      18 |  36.7
        D:9 |    2785 |     746 |  21.1 |      14 |       4 |  22.2
            +---------+---------+-------+---------+---------+-------
